 Dungeon Crawl Stone Soup version 0.30-a0-368-g86fb4627a9 (webtiles) character file.

Game seed: 9146003478663540660

303 oldriver the Magician (level 6, -1/48 HPs)
             Began as a Mummy Necromancer on Nov 19, 2022.
             Slain by a ball python (3 damage)
             ... in a sewer.
             The game lasted 00:04:09 (3082 turns).

oldriver the Magician (Mummy Necromancer)           Turns: 3082, Time: 00:04:10

Health: -1/48      AC:  3    Str: 12    XL:     6   Next: 15%
Magic:  0/14       EV:  9    Int: 16    God:
Gold:   103        SH:  0    Dex: 12    Spells: 12/16 levels left

rFire   x . .      SeeInvis .    c - +1 dagger
rCold   + . .      Faith    +    (no shield)
rNeg    + + +      Spirit   .    a - +0 robe
rPois   ∞          Reflect  .    (no helmet)
rElec   .          Harm     .    e - +0 cloak
rCorr   .          Rampage  .    (no gloves)
Will    .....                    (no boots)
Stlth   ++........               (no amulet)
HPRegen 0.28/turn                (no ring)
MPRegen 0.14/turn                (no ring)

@: constricted
A: cold resistance 1, negative energy resistance 3, torment resistance 2, heat
vulnerability 1, in touch with death 1, no potions, faith
a: no special abilities


You were in a sewer.
You visited 1 branch of the dungeon, and saw 3 of its levels.
You also visited: Sewer.

You collected 103 gold pieces.

Inventory:

Hand Weapons
 c - a +1 dagger (weapon)
Armour
 a - a +0 robe (worn)
 e - a +0 cloak (worn)
 f - a +3 scale mail of fire resistance
Scrolls
 b - a scroll of blinking
 d - a scroll of identify
 g - a scroll of enchant weapon
 h - a scroll of enchant armour {unknown}
 i - a scroll of teleportation {unknown}


   Skills:
 + Level 4.2 Fighting
 - Level 1.5 Dodging
 - Level 1.5 Stealth
 + Level 5.9 Spellcasting
 - Level 4.0 Necromancy


You had 12 spell levels left.
You knew the following spells:

 Your Spells              Type           Power      Damage    Failure   Level
a - Necrotise             Necr           100%       1d9       2%          1
b - Vampiric Draining     Necr           26%        2d7       9%          3

Your spell library contained the following spells:

 Spells                   Type           Power      Damage    Failure   Level
 Shock                    Conj/Air       16%        1d4       14%         1
 Ensorcelled Hibernation  Hex/Ice        8%         N/A       22%         2
 Passwall                 Tmut/Erth      3%         N/A       22%         2
 Animate Dead             Necr           26%        N/A       26%         4
 Swiftness                Air            4%         N/A       38%         3
 Tukima's Dance           Hex            4%         N/A       38%         3
 Anguish                  Hex/Necr       8%         N/A       52%         4
 Agony                    Necr           26%        N/A       58%         5
 Airstrike                Air            2%         2d(1-17)  80%         4
 Passage of Golubria      Tloc           4%         N/A       80%         4
 Yara's Violent Unravell  Hex/Tmut       2%         3d3       98%         5
 Spider Form              Tmut/Pois      Unusable   N/A       N/A         3

Dungeon Overview and Level Annotations

Branches:
Dungeon (3/15)              Sewer (1/1)

Altars:


Innate Abilities, Weirdness & Mutations

You are immune to poison.
Your flesh is cold resistant. (rC+)
You are immune to negative energy. (rN+++)
You are immune to unholy pain and torment.
You are vulnerable to heat. (rF-)
You are in touch with the powers of death.
You do not drink.
You have a special connection with the divine. (Faith)


Message History

Unknown command.
You barely miss the bullfrog.
The bullfrog is almost dead.
The bullfrog hits you but does no damage.
The ball python barely misses you. The adder bites you.
The ball python bites you but does no damage.
The ball python constricts you.
The bullfrog hits you but does no damage.
Casting: Vampiric Draining (dangerous; 9% risk of failure)
Confirm with . or Enter, or press ? or * to list all spells.
Aiming: Necrotise (safe; 2% risk of failure)
Press: ? - help, Shift-Dir - straight line, f/p - bullfrog
Aim: a bullfrog (almost dead, chance to affect: 83%)
You feel a surge of power!
The bullfrog barely resists.
The ball python bites you but does no damage.
The adder bites you. The ball python bites you. The ball python constricts you.
The bullfrog completely misses you. The ball python closely misses you.
The adder misses you.
Casting: Necrotise (safe; 2% risk of failure)
Confirm with . or Enter, or press ? or * to list all spells.
You don't have enough magic to cast this spell.
Unknown command.
Unknown command.
You hit the bullfrog but do no damage.
The bullfrog is almost dead.
The bullfrog hits you.
* * * LOW HITPOINT WARNING * * *
The ball python bites you but does no damage.
The ball python constricts you.
* * * LOW HITPOINT WARNING * * *
The adder closely misses you. The ball python closely misses you.
The bullfrog hits you.
* * * LOW HITPOINT WARNING * * *
You hit the bullfrog.
You kill the bullfrog!
The ball python bites you.
* * * LOW HITPOINT WARNING * * *
The ball python constricts you. The adder closely misses you.
The ball python bites you.
You die...

#....'.!# #....#!.#
##...####
#....####################
#.....#~≈≈≈≈≈≈≈≈≈≈≈≈≈~...
##.....~≈≈~~≈≈≈≈≈≈~≈≈~~..
#....~~~~~≈≈~≈≈≈≈~~~#~.F
#....~~~~~~~#≈~#~~~≈~...
##...~≈≈≈≈≈≈~.@S≈~~≈~...
###.#≈~≈≈≈≈~~SS~≈≈~≈...
#####################


You could see an adder and 2 ball pythons.

Vanquished Creatures
  2 bullfrogs (Sewer)
  Terence (D:2)
  An orc wizard (D:3)
  3 adders (Sewer)
  4 river rats (Sewer)
  A dart slug (D:3)
  3 orcs (D:3)
  12 ball pythons
  3 endoplasms (D:2)
  2 giant cockroaches
  8 goblins
  11 hobgoblins
  2 jackals (D:2)
  5 kobolds
  2 quokkas (D:1)
  3 bats (D:1)
  12 frilled lizards
  21 rats
96 creatures vanquished.

Vanquished Creatures (collateral kills)
  A river rat (Sewer)
  An adder (Sewer)
  A dart slug (D:1)
  An orc (D:3)
  2 ball pythons (Sewer)
  A bat (D:1)
  An endoplasm (D:2)
  5 frilled lizards
  7 rats
20 creatures vanquished.

Vanquished Creatures (others)
  4 plants (D:1)
4 creatures vanquished.

Grand Total: 120 creatures vanquished

Notes
Turn   | Place    | Note
-------+----------+-------------------------------------------
     0 | D:1      | oldriver the Mummy Necromancer began the quest for the Orb.
     0 | D:1      | Reached XP level 1. HP: 13/13 MP: 4/4
    93 | D:1      | Reached skill level 3 in Spellcasting
   100 | D:1      | Reached skill level 1 in Fighting
   104 | D:1      | Reached XP level 2. HP: 21/21 MP: 1/6
   697 | D:1      | Gained mutation: You are in touch with the powers of death.
                  | [Mummy growth]
   697 | D:1      | Reached XP level 3. HP: 27/27 MP: 1/8
   905 | D:1      | Learned a level 3 spell: Vampiric Draining
  1248 | D:2      | Noticed Terence
  1257 | D:2      | Killed Terence
  1258 | D:2      | Reached skill level 4 in Spellcasting
  1360 | D:2      | Reached XP level 4. HP: 34/34 MP: 8/10
  2403 | D:3      | Found a glowing drain.
  2506 | Sewer    | Entered a sewer
  2524 | Sewer    | Reached XP level 5. HP: 41/41 MP: 8/12
  2579 | Sewer    | Reached skill level 5 in Spellcasting
  3077 | Sewer    | Reached XP level 6. HP: 17/48 MP: 7/14
  3082 | Sewer    | HP: 2/48 [ball python (3)]
  3082 | Sewer    | Slain by a ball python

Illustrated notes

Levels and vault maps discovered:
D:1:      amcnicky_arrival_underground_garden, layout_basic, minmay_lizard_king
D:2:      layout_loops_cross, uniq_terence
D:3:      layout_basic, portal_sewer_entry_e, supply_closet_lemuel, uniq_ijyb
Sewer:    sewer_minmay_w

Skill      XL: |  1  2  3  4  5 |
---------------+----------------+-----
Spellcasting   | 3 4 5 |  5.9
Fighting       | 1 2 3 4 |  4.2
Dodging        | |  1.5
Stealth        | |  1.5
Necromancy     | |  4.0

Action                   |  1- 3 |  4- 6 || total
-------------------------+-------+-------++-------
Melee: Unarmed           |    15 |       ||    15
       Dagger            |    21 |    33 ||    54
       Punch             |     1 |       ||     1
 Cast: Necrotise         |    56 |   113 ||   169
       Vampiric Draining |       |     3 ||     3
  Use: Scroll            |       |     4 ||     4
Armor: Robe              |    17 |    31 ||    48
Dodge: Dodged            |    32 |    90 ||   122

Table legend: (Time is in decaauts)
 A = Elapsed time spent in this place.
 B = Non-inter-level travel time spent in this place.
 C = Inter-level travel time spent in this place.
 D = Time resting spent in this place.
 E = Time spent auto-exploring this place.
 F = Levels seen in this place.
 G = Mean time per level.
                   A        B        C        D        E       F      G
               +--------+--------+--------+--------+--------+-----+--------+
         Total |   3122 |   3045 |     77 |    368 |   1972 |   4 |  780.5 |
       Dungeon |   2508 |   2431 |     77 |    368 |   1520 |   3 |  836.0 |
         Sewer |    614 |    614 |      0 |      0 |    452 |   1 |  614.0 |
               +--------+--------+--------+--------+--------+-----+--------+

Top non-repeatable levels by time:
     D:1: 1247 daAuts
     D:2: 941 daAuts
   Sewer: 614 daAuts
     D:3: 318 daAuts
